 Dungeon Crawl Stone Soup version 0.31-a0-672-g7da72447bb (webtiles) character file.

Game seed: 4151989784025249

2463 Gelion the Mimic (level 9, -1/62 HPs)
             Began as an Octopode Shapeshifter on Sept 5, 2023.
             Was an Initiate of Gozag.
             Slain by an ufetubus (3 damage)
             ... on level 7 of the Dungeon.
             The game lasted 00:13:32 (5818 turns).

Gelion the Mimic (Octopode Shapeshifter)            Turns: 5818, Time: 00:13:33

Health: -1/62      AC:  1    Str: 13    XL:     9   Next: 50%
Magic:  9/9        EV: 13    Int: 13    God:    Gozag
Gold:   879        SH:  0    Dex: 15    Spells: 8/8 levels left

rFire   + .          .
                       - Unarmed
rCold   . . .        (shield currently unavailable)
rNeg    + . .        (helmet restricted)
rPois   .            f - amulet of regeneration
rElec   .            g - ring of positive energy
rCorr   +            m - ring of protection from fire
SInv    .            p - ring of resist corrosion
Will    .....        (no ring)
Stlth   +            (no ring)
HPRegen 1.10/turn    (no ring)
MPRegen 0.11/turn    (no ring)
                     (no ring)

%: no passive effects
@: flux-form, gold aura, glowing
A: glow, contaminating, almost no armour, amphibious, 8 rings, camouflage 1,
gelatinous body 1, (nimble swimmer 1), tentacles
a: Begin Untransformation, Renounce Religion, Potion Petition, Call Merchant,
Bribe Branch


You were on level 7 of the Dungeon.
You worshipped Gozag.
Gozag was pleased with you.
You were something dangerously unstable.
You visited 2 branches of the dungeon, and saw 8 of its levels.
You also visited: Sewer.

You collected 948 gold pieces.
You paid 69 gold pieces to Gozag.

Inventory:

Missiles
 i - 10 javelins
Jewellery
 f - an amulet of regeneration (around mantle)
 g - a ring of positive energy (left tentacle)
 m - a ring of protection from fire (right tentacle)
 p - a ring of resist corrosion (on tentacle)
Talismans
 c - a flux talisman (active)
Wands
 q - a wand of iceblast (9)
Scrolls
 a - a scroll of enchant weapon {unknown}
 e - a scroll of fog
 k - 4 scrolls of fear
 r - a scroll of amnesia
 s - a scroll of identify
Potions
 b - a potion of brilliance {unknown}
 d - 2 potions of haste
 h - 2 potions of curing
 j - 2 potions of invisibility
 l - 4 potions of cancellation
 n - a potion of mutation {unknown}
 o - a potion of magic


   Skills:
 + Level 6.2 Fighting
 - Level 2.0 Dodging
 + Level 6.9 Unarmed Combat
 * Level 8.7 Shapeshifting


You had 8 spell levels left.
You didn't know any spells.
Your spell library contained the following spells:

 Spells                   Type           Power      Damage    Failure   Level
 Necrotise                Necr           0%         1d4       30%         1
 Sandblast                Erth           0%         2d4       30%         1
 Passwall                 Tmut/Erth      0%         N/A       43%         2
 Stone Arrow              Conj/Erth      0%         3d7       67%         3
 Vampiric Draining        Necr           0%         2d6       67%         3
 Agony                    Necr           0%         N/A       100%        5
 Haunt                    Necr/Summ      0%         N/A       100%        7
 Borgnjor's Revivificati  Necr           0%         N/A       100%        8
 Death's Door             Necr           0%         N/A       100%        9


Dungeon Overview and Level Annotations

Branches:
Dungeon (7/15)             Temple (1/1) D:4           Sewer (visited)

Altars:
Ashenzari
Cheibriados
Dithmenos
Elyvilon
Gozag
Hepliaklqana
Kikubaaqudgha
Makhleb
Nemelex Xobeh
Okawaru
Qazlal
Ru
Sif Muna
Vehumet
Wu Jian
Yredelemnul
Zin
Lugonu

Shops:
D:1 (!(

Portals:
Abyss: D:4


Innate Abilities, Weirdness & Mutations

You are something dangerously unstable.
You glow with magical radiation, making you easy to see and hit.
Foes you strike become dangerously contaminated with magical radiation.
You are incapable of wielding weapons or throwing items.
You cannot wear most types of armour.
You are amphibious.
You can wear up to eight rings at the same time.
Your skin changes colour to match your surroundings (Stealth+).
Your rubbery body absorbs attacks. (AC +1, EV +1)
((You are camouflaged when in or above water. (Stealth+)))
You have tentacles for arms and can constrict up to eight enemies at once.


Message History

You kill the steam dragon!
The white imp gestures at you. The puff of frost hits you!
The orc hits you with a +0 dagger.
The orc wizard hits you with a +0 dagger.
Unknown command.
You are too injured to fight recklessly!
You are too injured to fight recklessly!
Unknown command.
The white imp closely misses you. The orc wizard barely misses you.
You are too injured to fight recklessly!
You are too injured to fight recklessly!
You are too injured to fight recklessly!
You tentacle-slap the orc wizard but do no damage.
The orc wizard begins to glow.
Your grab misses the orc wizard. Your squeeze misses the orc wizard.
The white imp gestures at you. The puff of frost hits you!
The orc wizard barely misses you.
You tentacle-slap the orc wizard.
The orc wizard glows dangerously bright.
You grab the orc wizard.
The orc wizard is moderately wounded.
You constrict the orc wizard. The white imp gestures at you.
The puff of frost hits you.
The orc wizard hits you with a +0 dagger.
* * * LOW HITPOINT WARNING * * *
The orc hits you with a +0 dagger.
* * * LOW HITPOINT WARNING * * *
You tentacle-slap the orc wizard but do no damage.
The orc wizard shudders as magic cascades through it!!
You kill the orc wizard!
The white imp hits you.
* * * LOW HITPOINT WARNING * * *
The white imp freezes you.
* * * LOW HITPOINT WARNING * * *
The ufetubus hits you.
* * * LOW HITPOINT WARNING * * *
The ufetubus hits you.
You die...
Your body crumbles into a pile of gold.

..##.....####...#..........##
.###.##.## #.#.#.........
###..o..# ##.#.#.........
##....### #..#.######..##
##.o### #..#.# .. ....#
##....###### ...##
####......(...# .o##
#.........5...##.# ..#
#.##.....Bo$.....# #.######
#......5....... .....>.#
##...../...#[.#
##..##.......####.......#
##$$......... .....##.#
..........! .:.### .
##..#..###.. ##.. ..#...# ###
.#..#...


You could see a white imp, an orc and an ufetubus.

Vanquished Creatures
  Pikel (D:5)
  Grinder (Sewer)
  A steam dragon (D:7)
  Edmund (D:5)
  Duvessa (D:6)
  A black bear (D:6)
  An orc warrior (D:7)
  2 centaurs (D:7)
  2 phantoms
  A bullfrog (D:6)
  A necrophage (Sewer)
  Dowan (D:6)
  2 wights (Sewer)
  Crazy Yiuf (D:5)
  A hound (D:2)
  A jelly (D:6)
  4 orc priests
  2 iguanas
  A sleepcap (D:6)
  5 orc wizards
  3 gnolls (D:2)
  11 adders
  2 shadow imps (Sewer)
  3 white imps
  5 ufetubi
  4 worms
  3 dart slugs
  19 orcs
  13 ball pythons
  6 endoplasms
  4 giant cockroaches
  6 hobgoblins
  4 jackals (D:4)
  A quokka (D:3)
  3 bats
  4 frilled lizards
  6 goblins
  28 kobolds
  A kobold zombie (Sewer)
  3 rats
160 creatures vanquished.

Notes
Turn   | Place    | Note
-------+----------+-------------------------------------------
     0 | D:1      | Gelion the Octopode Shapeshifter began the quest for the
                  | Orb.
     0 | D:1      | Reached XP level 1. HP: 13/13 MP: 1/1
    12 | D:1      | You fall into a shaft and drop 1 floor!
    65 | D:1      | Found Byliv's Distillery.
   203 | D:1      | Reached XP level 2. HP: 18/18 MP: 2/2
   277 | D:1      | Found Uxzicridgh's Weapon Boutique.
   412 | D:1      | Found Esorius's Weapon Boutique.
   894 | D:2      | Reached XP level 3. HP: 23/23 MP: 3/3
  1064 | D:2      | Reached XP level 4. HP: 7/29 MP: 4/4
  1104 | D:2      | Reached skill level 4 in Shapeshifting
  1275 | D:2      | Reached XP level 5. HP: 35/35 MP: 5/5
  2288 | D:3      | Noticed a phantom
  2305 | D:3      | Killed a phantom
  2306 | D:3      | Reached XP level 6. HP: 42/42 MP: 6/6
  2443 | D:4      | Reached skill level 5 in Shapeshifting
  2514 | D:4      | Found a staircase to the Ecumenical Temple.
  2593 | Temple   | Entered the Ecumenical Temple
  2626 | Temple   | Became a worshipper of Gozag Ym Sagoz the Greedy
  2836 | D:4      | Found a large runed translucent door.
  2839 | D:4      | Found a large runed translucent door.
  2839 | D:4      | Found a corrupted altar of Lugonu.
  3008 | D:4      | Found an ancient bone altar of Kikubaaqudgha.
  3032 | D:4      | Identified the +9 mace "Fucix" {distort, Dex+2 SInv}
  3279 | D:4      | Reached XP level 7. HP: 46/46 MP: 7/7
  3344 | D:4      | Found a one-way gate to the infinite horrors of the Abyss.
  3572 | D:5      | Entered Level 5 of the Dungeon
  3581 | D:5      | Found a glowing drain.
  3601 | Sewer    | Entered a sewer
  3762 | Sewer    | Found an ancient bone altar of Kikubaaqudgha.
  3838 | Sewer    | Noticed Grinder
  3864 | Sewer    | Paralysed by Grinder for 5 turns
  3884 | Sewer    | Paralysed by Grinder for 5 turns
  3891 | Sewer    | Killed Grinder
  3892 | Sewer    | Reached skill level 5 in Unarmed Combat
  3892 | Sewer    | Reached skill level 6 in Shapeshifting
  4075 | Sewer    | Reached XP level 8. HP: 41/54 MP: 8/8
  4343 | D:5      | Noticed Edmund
  4355 | D:5      | Killed Edmund
  4575 | D:5      | Found a runed translucent door.
  4577 | D:5      | Noticed Crazy Yiuf
  4584 | D:5      | Killed Crazy Yiuf
  4722 | D:5      | Reached skill level 7 in Shapeshifting
  4921 | D:5      | Noticed Pikel
  4932 | D:5      | Killed Pikel
  4933 | D:5      | Reached skill level 5 in Fighting
  4933 | D:5      | Reached XP level 9. HP: 42/61 MP: 9/9
  5093 | D:6      | Reached skill level 8 in Shapeshifting
  5197 | D:6      | Noticed Dowan
  5199 | D:6      | Noticed Duvessa
  5201 | D:6      | Killed Dowan
  5210 | D:6      | Killed Duvessa
  5818 | D:7      | HP: 3/62 [white imp (5)]
  5818 | D:7      | Slain by an ufetubus

Illustrated notes

Levels and vault maps discovered:
D:1:      lightli_arrival_isolated_outpost, layout_basic, serial_shops, shop,
          shop, shop_statue
D:2:      minmay_spotlight, layout_basic
D:3:      minmay_wonky_spiral, layout_loops_cross
D:4:      due_chaos_kobolds, layout_loops_corners, kiku_gazebo_garden_becter,
          minmay_temple_entry_statues
D:5:      layout_basic, cheibrodos_sewer_entry_drain, uniq_pikel, uniq_edmund,
          uniq_crazy_yiuf_cottage
D:6:      layout_basic, uniq_duvessa
D:7:      layout_rooms, tso_oasis_becter, minmay_misc_feat_alley,
          kennysheep_generic_room_3
Temple:   kb_temple_of_zot

Skill      XL: |  1  2  3  4  5  6  7  8  9 |
---------------+----------------------------+-----
Fighting       | 2 3 4 5 6 |  6.2
Shapeshifting  | 4 5 6 7 8 |  8.7
Unarmed Combat | 4 5 6 |  6.9
Dodging        | |  2.0

Action                     |  1- 3 |  4- 6 |  7- 9 || total
---------------------------+-------+-------+-------++-------
  Melee: Unarmed           |    39 |   129 |   222 ||   390
         Constrict         |    15 |    39 |    45 ||    99
         Tentacles         |     9 |    27 |    43 ||    79
         Punch             |     1 |     4 |       ||     5
    Use: Scroll            |     2 |     7 |     5 ||    14
         Potion            |       |     1 |     5 ||     6
   Stab: Sleeping          |     6 |    12 |     2 ||    20
         Distracted        |       |     1 |     1 ||     2
 Armour: Skin              |    12 |    36 |   174 ||   222
  Dodge: Dodged            |    22 |    51 |   157 ||   230
   Form: Flux              |       |       |     1 ||     1

Table legend: (Time is in decaauts)
 A = Elapsed time spent in this place.
 B = Non-inter-level travel time spent in this place.
 C = Inter-level travel time spent in this place.
 D = Time resting spent in this place.
 E = Time spent auto-exploring this place.
 F = Levels seen in this place.
 G = Mean time per level.
                   A        B        C        D        E       F      G
               +--------+--------+--------+--------+--------+-----+--------+
         Total |   5763 |   5467 |    296 |     94 |   4154 |   9 |  640.3 |
       Dungeon |   5139 |   4903 |    236 |     60 |   3902 |   7 |  734.1 |
        Temple |     62 |      2 |     60 |      0 |      0 |   1 |   62.0 |
         Sewer |    561 |    561 |      0 |     34 |    252 |   1 |  561.0 |
               +--------+--------+--------+--------+--------+-----+--------+

Top non-repeatable levels by time:
     D:4: 1118 daAuts
     D:5: 910 daAuts
     D:1: 862 daAuts
     D:2: 841 daAuts
     D:3: 673 daAuts
   Sewer: 561 daAuts
     D:6: 482 daAuts
     D:7: 251 daAuts
  Temple: 62 daAuts
